 Dungeon Crawl Stone Soup version 0.28-b1-1-g3c77fb2ed1 (webtiles) character file.

Game seed: 17769196027795656120

10787 pkoi the Grappler (level 11, -7/89 HPs)
             Began as a Minotaur Monk on Jan 28, 2022.
             Was a Believer of Qazlal.
             Mangled by a blink frog (12 damage)
             ... on level 1 of the Lair of Beasts.
             The game lasted 00:14:09 (11790 turns).

pkoi the Grappler (Minotaur Monk)                  Turns: 11790, Time: 00:14:09

Health: -7/89      AC: 17    Str: 22    XL:     11   Next: 40%
Magic:  27/27      EV:  7    Int: 13    God:    Qazlal [**....]
Gold:   579        SH:  3    Dex: 13    Spells: 10/10 levels left

rFire   + . .      SeeInvis .     - Unarmed
rCold   + . .      Faith    .   (no shield)
rNeg    . . .      Spirit   .   i - +0 plate armour
rPois   +          Reflect  .   (helmet restricted)
rElec   .          Harm     .   c - scarf {rC+ rF+}
rCorr   .          Rampage  .   p - +1 pair of gloves
Will    .....                   f - +1 pair of boots
Stlth   ..........              q - amulet of regeneration
HPRegen 1.04/turn               s - ring of magical power
MPRegen 0.20/turn               C - ring "Dutrent" {rPois Str+2 Int+6}

@: on berserk cooldown, slowed, very slow
A: horns 2, retaliatory headbutt
a: Renounce Religion, Upheaval


You were on level 1 of the Lair of Beasts.
You worshipped Qazlal.
Qazlal was pleased with you.
You visited 3 branches of the dungeon, and saw 11 of its levels.

You collected 579 gold pieces.

Inventory:

Hand Weapons
 o - a +1 trident of flaming
Missiles
 n - 10 curare-tipped darts (quivered)
Armour
 c - a scarf of resistance (worn)
 f - a +1 pair of boots (worn)
 i - a +0 plate armour (worn)
 p - a +1 pair of gloves (worn)
Jewellery
 d - a ring of ice
 q - an amulet of regeneration (around neck)
 s - a ring of magical power (left hand)
 v - a ring of see invisible
 C - the ring "Dutrent" (right hand) {rPois Str+2 Int+6}
   (You found it on level 8 of the Dungeon)

   [ring of poison resistance]

   Str:       It affects your strength (+2).
   Int:       It affects your intelligence (+6).
   rPois:     It protects you from poison.
Wands
 m - a wand of iceblast (8)
 w - a wand of paralysis (6)
 D - a wand of mindburst (7)
Scrolls
 b - a scroll of enchant weapon
 e - 5 scrolls of teleportation
 h - a scroll of amnesia
 j - 4 scrolls of identify
 l - a scroll of fog
 y - a scroll of blinking
 A - a scroll of magic mapping
 B - a scroll of holy word
 F - a scroll of silence {unknown}
Potions
 a - a potion of cancellation
 g - a potion of curing
 k - 2 potions of ambrosia
 r - a potion of magic
 t - 2 potions of lignification
 u - 2 potions of invisibility
 x - a potion of berserk rage


   Skills:
 - Level 6.0 Fighting
 - Level 6.0 Armour
 - Level 3.2 Dodging
 - Level 1.5 Stealth
 + Level 13.7 Unarmed Combat
 + Level 11.6 Invocations


You had 10 spell levels left.
You didn't know any spells.
Your spell library contained the following spells:

 Spells                   Type           Power      Damage    Failure   Level
 Beastly Appendage        Tmut           0%         N/A       99%         1
 Sandblast                Erth           0%         2d4       99%         1
 Blink                    Tloc           0%         N/A       100%        2
 Passwall                 Tmut/Erth      0%         N/A       100%        2
 Wereblood                Tmut           0%         N/A       100%        2
 Call Canine Familiar     Summ           0%         N/A       100%        3
 Lesser Beckoning         Tloc           0%         N/A       100%        3
 Portal Projectile        Hex/Tloc       0%         N/A       100%        3
 Spider Form              Tmut/Pois      0%         N/A       100%        3
 Stone Arrow              Conj/Erth      0%         3d7       100%        3
 Tukima's Dance           Hex            0%         N/A       100%        3
 Anguish                  Hex/Necr       0%         N/A       100%        4
 Leda's Liquefaction      Hex/Erth       0%         N/A       100%        4
 Alistair's Intoxication  Tmut/Pois      0%         N/A       100%        5
 Borgnjor's Vile Clutch   Necr/Erth      0%         N/A       100%        5
 Manifold Assault         Tloc           0%         N/A       100%        5
 Eringya's Noxious Bog    Tmut/Pois      0%         N/A       100%        6
 Enfeeble                 Hex            0%         N/A       100%        7


Dungeon Overview and Level Annotations

Branches:
Dungeon (9/15)             Temple (1/1) D:5            Lair (1/6) D:9
    Orc (0/2) D:9

Altars:
Ashenzari
Cheibriados
Dithmenos
Elyvilon
Fedhas
Gozag
Hepliaklqana
Kikubaaqudgha
Makhleb
Nemelex Xobeh
Okawaru
Qazlal
Ru
Sif Muna
Trog
Uskayaw
Vehumet
Wu Jian
Xom
Yredelemnul
Zin
The Shining One

Shops:
D:4 *   D:5 *


Innate Abilities, Weirdness & Mutations

You have a pair of horns on your head.
You reflexively headbutt those who attack you in melee.


Message History

* * * LOW HITPOINT WARNING * * *
You punch the blink frog!
The blink frog is severely wounded.
The blink frog hits you but does no damage.
You closely miss the blink frog.
The blink frog is severely wounded.
The blink frog hits you.
* * * LOW HITPOINT WARNING * * *
The blink frog blinks!
You closely miss the blink frog.
The blink frog is severely wounded.
The blink frog blinks!
You feel a strong urge to attack something.
You miss the blink frog. Your punch misses the blink frog.
The blink frog is lightly wounded.
The blink frog hits you.
* * * LOW HITPOINT WARNING * * *
You barely miss the blink frog. You headbutt the blink frog!
The blink frog is heavily wounded.
The blink frog hits you.
* * * LOW HITPOINT WARNING * * *
The blink frog blinks!
You are no longer berserk.
You are exhausted.
You feel yourself slow down.
You feel better.
The blink frog hits you but does no damage.
You miss the blink frog. You headbutt the blink frog!
Your punch misses the blink frog.
The blink frog is severely wounded.
The blink frog blinks!
The blink frog closely misses you.
You closely miss the blink frog. Your punch misses the blink frog.
The blink frog is heavily wounded.
The blink frog hits you!
* * * LOW HITPOINT WARNING * * *
The blink frog blinks!
You miss the blink frog.
The blink frog is heavily wounded.
The blink frog hits you!
You die...

###............###
#P...............#
##..............##
#..............##
#...............#
##.............## .
#.........F..## ...
.#..........F.#######.....
# .......###@........#
..### #####...### #...#
#..## #.## ###


You could see 2 blink frogs.

Vanquished Creatures
  A rakshasa (D:9)
  Erica (D:9)
  An ugly thing (D:9)
  A manticore (D:9)
  Maurice (D:8)
  Joseph (D:8)
  Maggie (D:9)
  Psyche (D:8)
  3 trolls (D:9)
  A polar bear (Lair:1)
  3 blink frogs (Lair:1)
  Prince Ribbit (D:9)
  Sigmund (D:2)
  A wraith (D:9)
  Grum (D:8)
  A basilisk (D:9)
  A steam dragon (D:9)
  Duvessa (D:7)
  A water moccasin (Lair:1)
  An ice beast (D:5)
  A black bear (D:6)
  5 orc warriors
  6 ogres
  4 wolves
  5 centaurs
  A phantom (D:5)
  5 kobold brigands
  A scorpion (D:3)
  Blork the orc (D:5)
  2 gnoll sergeants (D:9)
  Dowan (D:7)
  A water moccasin skeleton (D:4)
  A wyvern skeleton (D:6)
  21 killer bees
  A howler monkey (D:8)
  5 electric eels
  4 centaur zombies
  5 bullfrog zombies
  6 hounds (D:9)
  5 orc priests
  A bullfrog skeleton (D:5)
  3 iguanas
  A gnoll shaman (D:6)
  2 scorpion zombies (D:5)
  Natasha (thrice) (D:4)
  2 orc wizards (D:8)
  2 killer bee zombies (D:6)
  A howler monkey skeleton (D:6)
  A howler monkey zombie (D:6)
  13 gnolls
  7 adders
  2 river rats (D:5)
  A shadow imp (D:5)
  3 worms
  A dart slug (D:4)
  27 orcs
  6 endoplasms
  A giant cockroach (D:2)
  8 goblins
  2 hobgoblins
  3 quokkas
  3 ball pythons
  5 bats
  14 frilled lizards
  21 kobolds
  5 rats
243 creatures vanquished.

Vanquished Creatures (others)
  7 plants (D:1)
7 creatures vanquished.

Grand Total: 250 creatures vanquished

Notes
Turn   | Place    | Note
-------+----------+-------------------------------------------
     0 | D:1      | pkoi the Minotaur Monk began the quest for the Orb.
     0 | D:1      | Reached XP level 1. HP: 19/19 MP: 0/0
   155 | D:1      | Found a faded altar of an unknown god.
   196 | D:1      | Reached XP level 2. HP: 24/26 MP: 1/1
   198 | D:1      | Reached skill level 4 in Unarmed Combat
   986 | D:2      | Reached XP level 3. HP: 22/31 MP: 2/2
  1694 | D:2      | Reached skill level 5 in Unarmed Combat
  1704 | D:2      | Identified the +0 cloak of the Pits of Slime {rC+}
  1771 | D:2      | Noticed Sigmund
  1960 | D:3      | Reached XP level 4. HP: 36/39 MP: 3/3
  2479 | D:3      | Found a snail-covered altar of Cheibriados.
  2479 | D:3      | Found a bloodstained altar of Trog.
  2878 | D:4      | Noticed a scorpion
  2937 | D:4      | Found Ipir's Fire Supplies.
  2956 | D:3      | Killed a scorpion
  2957 | D:3      | Reached skill level 6 in Unarmed Combat
  2957 | D:3      | Reached XP level 5. HP: 14/45 MP: 4/4
  3309 | D:4      | Reached skill level 7 in Unarmed Combat
  3368 | D:4      | Found a sacrificial altar of Ru.
  3802 | D:4      | Noticed Natasha
  3811 | D:4      | Killed Natasha
  3821 | D:4      | Noticed Natasha
  3825 | D:4      | Reached XP level 6. HP: 34/51 MP: 5/5
  3834 | D:4      | Killed Natasha
  3990 | D:4      | Noticed Natasha
  3997 | D:4      | Killed Natasha
  4068 | D:4      | Reached skill level 8 in Unarmed Combat
  4185 | D:4      | Found an ornate altar of the Wu Jian Council.
  4261 | D:5      | Entered Level 5 of the Dungeon
  4528 | D:5      | Found Reguargh's Neck Hole.
  4660 | D:5      | Reached XP level 7. HP: 45/57 MP: 6/6
  4765 | D:5      | Reached skill level 9 in Unarmed Combat
  5193 | D:5      | Found a staircase to the Ecumenical Temple.
  5195 | D:5      | Noticed Blork the orc
  5202 | Temple   | Entered the Ecumenical Temple
  5215 | Temple   | HP: 1/57 [orc warrior (6)]
  5217 | Temple   | Reached skill level 10 in Unarmed Combat
  5809 | Temple   | Became a worshipper of Qazlal Stormbringer
  5809 | Temple   | Reached * piety under Qazlal
  5809 | Temple   | Reached ** piety under Qazlal
  5921 | D:5      | Killed Blork the orc
  5922 | D:5      | Reached skill level 1 in Armour
  5922 | D:5      | Reached skill level 1 in Invocations
  6210 | D:5      | Reached XP level 8. HP: 66/66 MP: 8/8
  6723 | D:2      | Killed Sigmund
  7100 | D:6      | Reached skill level 5 in Fighting
  7679 | D:6      | Found a glowing silver altar of Zin.
  7680 | D:6      | Found an opulent altar of Gozag.
  7707 | D:6      | Reached XP level 9. HP: 69/74 MP: 11/11
  7729 | D:6      | Found a sparkling altar of Nemelex Xobeh.
  7732 | D:6      | Found a blossoming altar of Fedhas.
  7932 | D:6      | Reached skill level 5 in Invocations
  8355 | D:7      | Noticed Duvessa
  8355 | D:7      | Noticed Dowan
  8361 | D:7      | Killed Duvessa
  8362 | D:7      | Reached skill level 11 in Unarmed Combat
  8381 | D:7      | Killed Dowan
  8627 | D:7      | Reached *** piety under Qazlal
  8968 | D:8      | Noticed Maurice
  8972 | D:8      | Killed Maurice
  8973 | D:8      | Reached skill level 5 in Armour
  8981 | D:8      | Noticed Joseph
  9002 | D:8      | Killed Joseph
  9024 | D:8      | Identified the ring "Dutrent" {rPois Str+2 Int+6}
  9159 | D:8      | Found a hazy altar of Hepliaklqana.
  9168 | D:8      | Noticed Grum
  9182 | D:8      | Killed Grum
  9285 | D:8      | Reached XP level 10. HP: 83/83 MP: 14/14
  9630 | D:8      | Noticed Psyche
  9636 | D:8      | Killed Psyche
  9993 | D:9      | Reached skill level 12 in Unarmed Combat
 10040 | D:9      | Noticed Erica
 10044 | D:9      | Found a staircase to the Lair.
 10074 | D:9      | Killed Erica
 10273 | D:9      | Reached skill level 10 in Invocations
 10760 | D:9      | Noticed a white ugly thing
 10761 | D:9      | Noticed a manticore
 10767 | D:9      | Killed a white ugly thing
 10768 | D:9      | Reached XP level 11. HP: 86/89 MP: 16/18
 10769 | D:9      | Reached skill level 13 in Unarmed Combat
 11081 | D:9      | Found a staircase to the Orcish Mines.
 11101 | D:9      | Noticed Prince Ribbit
 11108 | D:9      | Killed Prince Ribbit
 11230 | D:9      | Noticed a rakshasa
 11245 | D:9      | Killed a rakshasa
 11352 | D:9      | Noticed Maggie
 11360 | D:9      | Killed Maggie
 11502 | Lair:1   | Entered Level 1 of the Lair of Beasts
 11770 | Lair:1   | HP: 3/89 [blink frog (6)]
 11785 | Lair:1   | HP: 4/133 [blink frog (4)]
 11790 | Lair:1   | Mangled by a blink frog

Illustrated notes

Levels and vault maps discovered:
D:1:      eino_arrival_water_cross, layout_loops_corners,
          hellmonk_ecumenical_altar_run_dry, nrook_mini_backslash,
          minmay_lizard_king
D:2:      layout_basic, uniq_sigmund
D:3:      layout_basic, mainiacjoe_overflow_divided_tiny
D:4:      layout_rooms, mainiacjoe_overflow_alcove_4, kennysheep_mini_moat,
          nicolae_shop_fire_sale [nicolae_sub_dead_trees], kennysheep_dice,
          uniq_natasha
D:5:      layout_basic, minmay_temple_entry_glass, gup_sewer_entry_spiral,
          chequers_avenue, nicolae_shop_sticking_my_neck_out, uniq_blork_the_orc
D:6:      layout_cave_pools, grunt_temple_overflow_gold_and_silver,
          nicolae_overflow_squiral, serial_undead, serial_undead_b,
          serial_undead_d, serial_undead_c, serial_undead_e, serial_undead_f,
          serial_undead_f
D:7:      layout_basic, kennysheep_nondescript, uniq_duvessa
D:8:      layout_loops_ring, nicolae_hepliaklqana_hazy_memory, uniq_maurice,
          uniq_grum, uniq_psyche, uniq_joseph
D:9:      layout_loops_ring, erik_lair_island,
          kennysheep_orc_monster_closet_entryway,
          minmay_fractal_squares_gapless_7, uniq_prince_ribbit1, uniq_erica,
          uniq_maggie
Temple:   oiseaux_autumnal_temple
Lair:1:   layout_cave_pods, st_stairs_11, lemuel_fruit_fields

Skill      XL: |  1  2  3  4  5  6  7  8  9 10 11 |
---------------+----------------------------------+-----
Unarmed Combat | 4 5 6 7 8 10 11 12 13 | 13.7
Armour         | 1 3 6 |  6.0
Invocations    | 1 4 7 10 11 | 11.6
Fighting       | 4 5 6 |  6.0
Dodging        | |  3.2
Stealth        | |  1.5

Action                   |  1- 3 |  4- 6 |  7- 9 | 10-12 || total
-------------------------+-------+-------+-------+-------++-------
Melee: Unarmed           |    81 |   114 |   276 |   262 ||   733
       Punch             |     2 |     5 |    10 |    13 ||    30
       Headbutt          |    14 |    19 |    50 |    41 ||   124
Invok: Upheaval          |       |       |     5 |    12 ||    17
Evoke: Wand              |       |       |     2 |       ||     2
  Use: Scroll            |       |     9 |     6 |     3 ||    18
       Potion            |       |     4 |     3 |     3 ||    10
 Stab: Sleeping          |     6 |     1 |       |       ||     7
Armor: Robe              |    15 |    32 |    13 |       ||    60
       Plate armour      |       |       |   194 |   168 ||   362
Dodge: Dodged            |    39 |    73 |   120 |    75 ||   307
Block: Other             |       |       |    26 |    23 ||    49
